 Dungeon Crawl Stone Soup version 0.19.1-1-g22dce08 (webtiles) character file.

60 kSp the Shield-Bearer (level 3, -6/36 HPs)
             Began as a Troll Fighter on Jan 14, 2017.
             Mangled by Sigmund
             ... wielding a +0 scythe
              (11 damage)
             ... on level 3 of the Dungeon.
             The game lasted 00:06:48 (1864 turns).

kSp the Shield-Bearer (Troll Fighter)               Turns: 1864, Time: 00:06:49

Health: -6/36      AC:  5    Str: 25    XL:     3   Next: 80%
Magic:  2/2        EV:  8    Int:  4    God:
Gold:   111        SH:  9    Dex:  9    Spells: 0 memorised, 2 levels left

rFire  + . .     SeeInvis .     a - +0 war axe
rCold  . . .     Gourm    +     b - +0 robe
rNeg   . . .     Faith    .     c - +0 shield
rPois  .         Spirit   .     (helmet restricted)
rElec  .         Reflect  .     (no cloak)
rCorr  .         Harm     .     (gloves unavailable)
MR     .....     Rnd*Tele +     (boots unavailable)
Stlth  +.........               (no amulet)
                                e - ring of protection from fire
                                u - ring of teleportation (curse)

@: starving
A: unfitting armour, claws 3, fast metabolism 3, gourmand, regeneration 1,
shaggy fur 1, tough skin 2
a: no special abilities


You were on level 3 of the Dungeon.
You were starving.

You visited 1 branch of the dungeon, and saw 3 of its levels.

You collected 111 gold pieces.

Inventory:

Hand Weapons
 a - a +0 war axe (weapon)
 n - a +1 short sword of venom
Missiles
 s - 5 poisoned needles
Armour
 b - a +0 robe (worn)
 c - a +0 shield (worn)
 h - a +0 pair of gloves
Jewellery
 e - a ring of protection from fire (right claw)
 u - a cursed ring of teleportation (left claw)
Scrolls
 i - a scroll of enchant weapon {unknown}
 j - a scroll of enchant armour {unknown}
 k - 2 scrolls of magic mapping {unknown}
 l - 2 scrolls of blinking {unknown}
 m - 2 scrolls of identify {unknown}
 q - a scroll of immolation {unknown}
 r - a scroll of teleportation {unknown}
Potions
 d - a potion of might
 g - a potion of flight {unknown}
 o - a potion of agility {unknown}
 t - a potion of degeneration {unknown}
Comestibles
 f - a bread ration
 p - 2 meat rations


   Skills:
 + Level 2.6 Fighting
 + Level 2.4 Axes
 + Level 2.8 Dodging
 + Level 2.8 Shields


You had 2 spell levels left.
You didn't know any spells.

Dungeon Overview and Level Annotations

Branches:
Dungeon (3/15)

Altars:
Vehumet

Annotations:
D:3 Sigmund


Innate Abilities, Weirdness & Mutations

You are too large for most types of armour.
You have claws for hands.
Your metabolism is lightning-fast.
You like to eat raw meat.
Your natural rate of healing is unusually fast.
You are covered in fur. (AC +1)
You have very tough skin. (AC +2)


Message History

You miss something. Something hits you but does no damage.
You miss something.
You hear some strange, mumbled words.
A puff of flame appears from out of thin air!
The puff of flame hits you! You resist.
You miss something. Something hits you.
You barely miss something. Something hits you!
You miss something.
You hear some strange, mumbled words.
A puff of flame appears from out of thin air!
The puff of flame hits you! You resist.
* * * LOW HITPOINT WARNING * * *
Something hits you.
* * * LOW HITPOINT WARNING * * *
Unknown command.
You barely miss something. Something hits you.
* * * LOW HITPOINT WARNING * * *
You are starving!
You miss something. Something hits you!
You die...

.......###............##.(.....
.........................
..........................
..........................
........#...###.........##
.##..........##.....#
.........?......... ...
.##.#..............##...
#.#....@..............## #
#$...{................
#>#.....................
..#........###...##.....
........................
........................
........................
.......................§
....)..................§


There were no monsters in sight!

Vanquished Creatures
  2 worms (D:3)
  A dart slug (D:1)
  2 leopard geckos (D:2)
  A ball python (D:1)
  3 bats
  2 giant cockroaches
  5 goblins
  7 hobgoblins
  7 jackals (D:1)
  4 kobolds
  A quokka (D:2)
  4 frilled lizards
  5 rats
  31 plants (D:1)
75 creatures vanquished.

Vanquished Creatures (others)
  A bat (D:3)
  A plant (D:1)
2 creatures vanquished.

Grand Total: 77 creatures vanquished

Notes
Turn   | Place    | Note
-------+----------+-------------------------------------------
     0 | D:1      | kSp the Troll Fighter began the quest for the Orb.
     0 | D:1      | Reached XP level 1. HP: 22/22 MP: 0/0
   457 | D:1      | Reached XP level 2. HP: 26/29 MP: 1/1
   893 | D:2      | Reached XP level 3. HP: 35/36 MP: 2/2
  1748 | D:3      | Found a radiant altar of Vehumet.
  1782 | D:3      | Noticed Sigmund
  1864 | D:3      | Mangled by Sigmund

Skill      XL: |  1  2 |
---------------+-------+-----
Axes           | 2 |  2.4
Fighting       | |  2.6
Dodging        | |  2.8
Shields        | |  2.8

Action                   || total
-------------------------++-------
Melee: War axe           ||   426
 Stab: Sleeping          ||     1
  Eat: Chunk             ||     9
       Bread ration      ||     1
       Beef jerky        ||     1
Armor: Robe              ||    68
Dodge: Dodged            ||    69
Block: Shield            ||    73
